 Dungeon Crawl Stone Soup version 0.27.1-33-g824d729ab1 (webtiles) character file.

Game seed: 7644078375548928901

65 comborobin the Sneak (level 4, 23/23 HPs)
             Began as a Vine Stalker Delver on Dec 27, 2021.
             Was a Follower of Makhleb.
             Quit the game on level 1 of the Dungeon.
             The game lasted 00:03:01 (2092 turns).

comborobin the Sneak (Vine Stalker Delver)          Turns: 2092, Time: 00:03:01

Health: 23/23      AC:  3    Str: 16    XL:     4   Next: 14%
Magic:  5/5        EV: 11    Int: 10    God:    Makhleb [*.....]
Gold:   100        SH:  0    Dex: 15    Spells: 3/3 levels left

rFire    . . .     SeeInvis .     - Unarmed
rCold    . . .     Faith    .   (no shield)
rNeg     . . .     Spirit   +   a - +0 leather armour
rPois    .         Reflect  .   (no helmet)
rElec    .         Harm     .   (no cloak)
rCorr    .         Rampage  .   (no gloves)
Will     .....                  (no boots)
Stlth    +++.......             (no amulet)
HPRegen  1.07/turn              (no ring)
MPRegen  0.09/turn              (no ring)

@: no status effects
A: fangs 2, regeneration 1, magic shield, antimagic bite, no potion heal 2
a: Renounce Religion


You were on level 1 of the Dungeon.
You worshipped Makhleb.
Makhleb was aware of your devotion.
You visited 1 branch of the dungeon, and saw 5 of its levels.

You collected 100 gold pieces.

Inventory:

Armour
 a - a +0 leather armour (worn)
Wands
 f - a wand of digging (3)
Scrolls
 b - a scroll of fog
 c - a scroll of magic mapping
 d - 2 scrolls of fear
 e - 2 scrolls of identify {unknown}
 h - a scroll of summoning {unknown}
Potions
 g - a potion of heal wounds {unknown}
 i - 2 potions of ambrosia {unknown}
 j - a potion of flight {unknown}
 k - a potion of curing {unknown}


   Skills:
 - Level 2.6 Fighting
 - Level 1.5 Dodging
 - Level 6.0 Stealth
 + Level 4.3 Unarmed Combat


You had 3 spell levels left.
You didn't know any spells.
Your spell library contained the following spells:

 Spells                   Type           Power      Damage    Failure   Level
 Magic Dart               Conj           0%         1d3       43%         1
 Sandblast                Erth           0%         2d4       43%         1
 Call Imp                 Summ           0%         N/A       56%         2
 Passwall                 Tmut/Erth      0%         N/A       56%         2
 Mephitic Cloud           Conj/Pois/Air  0%         N/A       80%         3
 Stone Arrow              Conj/Erth      0%         3d7       80%         3
 Sticky Flame             Conj/Fire      0%         2d3       99%         4
 Irradiate                Conj/Tmut      0%         3d14      100%        5
 Lee's Rapid Deconstruct  Erth           0%         3d5*      100%        5


Dungeon Overview and Level Annotations

Branches:
Dungeon (5/15)
 Temple: D:4-7

Altars:
Elyvilon
Makhleb
Nemelex Xobeh
Uskayaw


Innate Abilities, Weirdness & Mutations

You have extremely sharp teeth.
Your natural rate of healing is unusually fast.
When hurt, damage is shared between your health and your magic reserves.
Your bite disrupts and absorbs the magic of your enemies.
Potions cannot restore your health.


Message History

Key pressed, stopping explore.
No target in view!
No target in view!
A hobgoblin comes into view.
A hobgoblin is nearby!
A hobgoblin is nearby!
The helpless hobgoblin fails to defend itself.
You punch the hobgoblin!
You kill the hobgoblin!
No target in view!
A bat comes into view.
Found a puce potion.
Found an escape hatch in the floor.
The bat barely misses you. The bat closely misses you.
A bat is nearby!
A bat is nearby!
You closely miss the bat. Your bite misses the bat. The bat closely misses you.
The bat hits you but does no damage.
You hit the bat.
You kill the bat!
You see here a bat corpse.
No target in view!
No target in view!
No target in view!
You see here a bat corpse.
You enter the shallow water.
Moving in this stuff is going to be slow.
Found a chain mail.
A ball python comes into view.
The ball python moves out of view.
There is a faded altar of an unknown god here.
You cannot tell which god this altar belongs to.
Convert to them anyway?
Okay, then.
You cannot tell which god this altar belongs to.
Convert to them anyway?
Really abandon Elyvilon for an unknown god?
Makhleb accepts your prayer!
You have lost your religion!
Elyvilon does not appreciate desertion for evil!
Makhleb welcomes you!
You can now gain health from killing.
Are you sure you want to abandon this character and quit the game? (Confirm with "yes".)

#)##......# #.#.#### #....##
#.##......# #≈≈....# #...>.#
#.##......####≈##≈#≈#######†#
#.##......##≈≈.#.8#≈.######.##
#.....###..≈≈≈##≈≈#≈.#.......####
#.. .≈≈#≈.≈≈≈#≈............. ###.
.≈#≈.≈.≈≈...#.....#..### .
..+≈≈..≈#.≈.#.....##.# ..
+≈...@#≈.######## ..# +≈≈≈≈≈#≈.#
#.# #≈≈≈...≈#≈.# .. ..##[≈≈≈≈#≈#
..# . #≈≈#≈≈≈≈# ..≈#≈8#.#
...≈#≈#≈ ....≈.≈≈.


There were no monsters in sight!

Vanquished Creatures
  2 adders
  A worm (D:2)
  A dart slug (D:1)
  An orc (D:3)
  2 bats
  6 endoplasms
  2 giant cockroaches
  2 goblins
  4 hobgoblins
  2 jackals (D:2)
  4 kobolds
  2 quokkas
  3 ball pythons
  3 frilled lizards
  2 rats (D:2)
  A spectral kobold (D:1)
38 creatures vanquished.

Notes
Turn   | Place    | Note
-------+----------+-------------------------------------------
     0 | D:5      | comborobin the Vine Stalker Delver began the quest for the
                  | Orb.
     0 | D:5      | Reached XP level 1. HP: 11/11 MP: 2/2
     8 | D:5      | Noticed a phantom
    73 | D:3      | Found a white marble altar of Elyvilon.
    81 | D:3      | Became a worshipper of Elyvilon the Healer
   455 | D:3      | Reached XP level 2. HP: 7/16 MP: 3/3
   750 | D:3      | Found a sparkling altar of Nemelex Xobeh.
   854 | D:3      | Found a hide-covered altar of Uskayaw.
   990 | D:2      | Reached XP level 3. HP: 19/19 MP: 4/4
  1565 | D:2      | Reached * piety under Elyvilon
  1839 | D:2      | Got the Compendium of Arcane Weapons
  2024 | D:1      | Gained mutation: Your natural rate of healing is unusually
                  | fast. [Vine Stalker growth]
  2024 | D:1      | Reached XP level 4. HP: 13/23 MP: 5/5
  2054 | D:1      | Found a faded altar of an unknown god.
  2091 | D:1      | Fell from the grace of Elyvilon
  2091 | D:1      | Became a worshipper of Makhleb the Destroyer
  2091 | D:1      | Reached * piety under Makhleb
  2092 | D:1      | Quit the game

Illustrated notes

Levels and vault maps discovered:
D:1:      ncdulo_lavacross, layout_basic,
          dreamdust_ecumenical_altar_drowned_temple
D:2:      layout_loops_ring, grunt_ministairs_6
D:3:      layout_basic, mainiacjoe_overflow_alcove_1, mainiacjoe_overflow_swirl,
          serial_corexii_hall, corexii_hall_statues_l,
          chequers_hall_statues_wall_a, dk_vineyard_2, kennysheep_flooded_box
D:4:      layout_cave_pools, grunt_qazlal_clouds, uniq_sigmund
D:5:      layout_layer_cave, chequers_serial_rivers_small_3,
          minmay_fractal_squares_5

Skill      XL: |  1  2  3 |
---------------+----------+-----
Unarmed Combat | 3 4 |  4.3
Fighting       | |  2.6
Dodging        | |  1.5
Stealth        | |  6.0

Action                   |  1- 3 |  4- 6 || total
-------------------------+-------+-------++-------
Melee: Unarmed           |    99 |    13 ||   112
       Bite              |    34 |     5 ||    39
  Use: Potion            |     1 |       ||     1
 Stab: Distracted        |     1 |       ||     1
       Sleeping          |    10 |     1 ||    11
Armor: Leather armour    |    17 |     2 ||    19
Dodge: Dodged            |    53 |     7 ||    60
